 Dungeon Crawl Stone Soup version 0.32-a0-984-gb8cfe57ea9 (webtiles) character file.

Game seed: 3883147768268895720

8190 yatagan the Protected (level 11, -12/79 HPs)
             Began as a Gargoyle Fighter on Apr 21, 2024.
             Was a Priest of Okawaru.
             Mangled by a great orb of eyes (30 damage)
             ... on level 10 of the Dungeon.
             The game lasted 00:11:48 (8089 turns).

yatagan the Protected (Gargoyle Fighter)            Turns: 8089, Time: 00:11:49

Health: -12/79     AC:  0    Str: 24    XL:     11   Next: 27%
Magic:  15/15      EV: 12    Int:  9    God:    Okawaru [***...]
Gold:   313        SH:  0    Dex:  9    Spells: 10/10 levels left

rFire   . . .        u - melded +6 shillelagh "Devastator" {shatter}
rCold   . . .        v - melded +2 kite shield
rNeg    + . .        x - melded +0 plate armour
rPois   ∞            (helmet currently unavailable)
rElec   .            b - melded +0 cloak
rCorr   .            E - melded +0 pair of gloves
SInv    .            (boots currently unavailable)
Will    .....        (no amulet)
Stlth   +            e - melded ring of resist corrosion
HPRegen 0.33/turn    q - melded +5 ring of evasion
MPRegen 0.14/turn

%: no passive effects
@: pig-form, fragile (+50% incoming damage), very quick
A: fast, no casting, sickness immunity, AC +8, small, negative energy resistance
1, (electricity resistance), torment resistance 1, petrification resistance,
(fire resistance 1), robust 1
a: Renounce Religion, Heroism


You were on level 10 of the Dungeon.
You worshipped Okawaru.
Okawaru was most pleased with you.
You were a filthy swine.
You visited 2 branches of the dungeon, and saw 11 of its levels.

You collected 470 gold pieces.
You spent 157 gold pieces at shops.

Inventory:

Hand Weapons
 a - a +1 flail of electrocution
 u - the +6 shillelagh "Devastator" (melded) {shatter}
   (You found it on level 4 of the Dungeon)
 D - a +3 morningstar
 G - a +2 morningstar of freezing
Missiles
 i - 3 javelins
 k - 2 throwing nets
Armour
 b - a +0 cloak (melded)
 v - a +2 kite shield (melded)
 x - a +0 plate armour (melded)
 E - a +0 pair of gloves (melded)
Jewellery
 e - a ring of resist corrosion (melded)
 q - a +5 ring of evasion (melded)
 w - a ring of protection from cold
 y - a ring of protection from fire
Wands
 f - a wand of iceblast (16)
 r - a wand of polymorph (4)
 t - a wand of flame (83)
Scrolls
 c - 3 scrolls of teleportation
 g - 2 scrolls of brand weapon
 h - 2 scrolls of vulnerability
 n - 5 scrolls of fog
 o - 2 scrolls of poison
 A - a scroll of immolation
 C - a scroll of fear
 F - a scroll of enchant armour
Potions
 d - 3 potions of might
 j - 3 potions of haste
 l - 2 potions of mutation
 m - 2 potions of magic {unknown}
 p - 3 potions of curing
 s - 3 potions of degeneration {unknown}
 z - a potion of resistance {unknown}
 B - 2 potions of heal wounds {unknown}
 H - a potion of attraction {unknown}
 I - 2 potions of ambrosia {unknown}


   Skills:
 + Level 9.6 Fighting
 + Level 8.5 Maces & Flails
 + Level 9.6 Armour
 + Level 9.6 Shields
 + Level 5.4 Invocations


You had 10 spell levels left.
You didn't know any spells.
Your spell library contained the following spells:

 Spells                   Type           Power      Damage    Failure   Level
 Dazzling Flash           Conj/Hex       0%         N/A       77%         3
 Mephitic Cloud           Conj/Alch/Air  0%         N/A       77%         3
 Stone Arrow              Conj/Erth      0%         3d7       77%         3
 Volatile Blastmotes      Fire/Tloc      0%         2d10      77%         3
 Vhi's Electric Charge    Tloc/Air       0%         N/A       99%         4
 Silence                  Hex/Air        0%         N/A       100%        5
 Gell's Gavotte           Tloc           0%         2d(11-16) 100%        6
 Lehudib's Crystal Spear  Conj/Erth      0%         10d2      100%        8
 Animate Armour           Summ/Erth      Unusable   N/A       N/A         4
 Seismic Cannonade        Alch/Erth      Unusable   6d4       N/A         7

Dungeon Overview and Level Annotations

Branches:
Dungeon (10/15) Zot: 26502  Temple (1/1) D:7 Zot: 5964    Lair (0/5) D:10
    Orc: D:9-12

Altars:
Ashenzari
Cheibriados
Dithmenos
Elyvilon
Fedhas
Gozag
Hepliaklqana
Kikubaaqudgha
Makhleb
Nemelex Xobeh
Okawaru
Qazlal
Ru
Sif Muna
Trog
Uskayaw
Vehumet
Wu Jian
Xom
Yredelemnul
Zin
The Shining One

Shops:
D:1 *   D:4 (   D:7 :

Annotations:
D:5 1 runed translucent door, P0WERM0DE's ghost, novice CoCK


Innate Abilities, Weirdness & Mutations

You are a filthy swine.
You move quickly.
Your equipment is almost entirely melded.
You are incapable of wielding weapons or throwing items.
You cannot cast spells.
You are immune to sickness and miasma.
((Your stone body is resilient. (AC +8)))
You are immune to poison.
You resist negative energy. (rN+)
((You are resistant to electric shocks. (rElec)))
You are resistant to unholy torment.
You are immune to petrification.
((Your flesh is heat resistant. (rF+)))
You are robust. (+10% HP)


Message History

Deactivating autopickup; reactivate with Ctrl-A.
No target in view!
No target in view!
You hit something. Okawaru accepts your kill.
Reactivating autopickup.
You feel a bit more experienced.
A great orb of eyes comes into view.
You hit the great orb of eyes.
The great orb of eyes shudders.
The great orb of eyes is lightly wounded.
You block the great orb of eyes's attack.
You hit the great orb of eyes.
The great orb of eyes shudders.
The great orb of eyes is moderately wounded. x2
The great orb of eyes gazes at you.
Your body becomes as fragile as glass!
You sock the great orb of eyes!
The great orb of eyes shudders.
The great orb of eyes is heavily wounded. x2
The great orb of eyes gazes at you.
You turn into a filthy swine.
The +6 shillelagh "Devastator" {shatter} melds into your body.
Your +0 cloak melds into your body.
Your +0 pair of gloves melds into your body.
Your +2 kite shield melds into your body.
Your +0 plate armour melds into your body.
Your ring of resist corrosion melds into your body.
Your +5 ring of evasion melds into your body.
You hit the great orb of eyes.
The great orb of eyes is heavily wounded.
The great orb of eyes bites you!!
You hit the great orb of eyes.
The great orb of eyes is heavily wounded.
The great orb of eyes gazes at you.
Your mind is blasted!
Ouch! That really hurt!
* * * LOW HITPOINT WARNING * * *
You feel better.
The great orb of eyes barely misses you.
The great orb of eyes attacks as it pursues you!
The great orb of eyes bites you!!
You die...

#.....# #.....# ###
####.....# ##.. ..##.....#
#.#.###.#.#.....# ..
#.[#...#..#.....##....
#)....###.....#.....
#.....#.'.##..#....P
#.....#h#.##........
#..#...#G.#.##........
#.#.###.#.#..#......>.....
##....#..##...............
####'#####.##...........#
... ..#.##..#.....P.# #
#.###.#.....#.......#
#[#.. #.#.....# .....#
#.#.#.###.#.##..###...##


You could see a great orb of eyes.

Vanquished Creatures
  Snorg (D:10)
  Pikel (D:4)
  A cyclops (D:10)
  A gargoyle (D:10)
  An unseen horror (D:10)
  A troll (D:10)
  A hornet (D:10)
  A centaur simulacrum (D:10)
  A wyvern (D:9)
  A warg (D:9)
  A water moccasin (D:6)
  Duvessa (D:5)
  7 orc warriors
  A black bear (D:7)
  2 sky beasts
  5 ogres
  A boggart (D:10)
  2 wolves (D:9)
  4 lemures
  6 centaurs
  A kobold brigand (D:7)
  3 bullfrogs
  A gnoll sergeant (D:7)
  A scorpion (D:6)
  22 wights
  Dowan (D:5)
  11 killer bees
  3 hounds
  6 jellies
  5 orc priests
  Crazy Yiuf (D:7)
  A sleepcap (D:5)
  11 orc wizards
  4 gnolls
  9 adders
  A white imp (D:8)
  2 ufetubi (D:10)
  4 dart slugs
  A ribbon worm (D:2)
  35 orcs
  7 bats
  16 endoplasms
  2 giant cockroaches
  5 goblins
  3 hobgoblins
  6 jackals
  3 quokkas
  5 ball pythons
  2 frilled lizards
  17 kobolds
  3 rats
232 creatures vanquished.

Vanquished Creatures (others)
  A quokka (D:5)
1 creature vanquished.

Grand Total: 233 creatures vanquished

Notes
Turn   | Place    | Note
-------+----------+-------------------------------------------
     0 | D:1      | yatagan the Gargoyle Fighter began the quest for the Orb.
     0 | D:1      | Reached XP level 1. HP: 14/14 MP: 1/1
   101 | D:1      | Reached XP level 2. HP: 17/19 MP: 2/2
   233 | D:2      | Found a faded altar of an unknown god.
   240 | D:2      | Reached XP level 3. HP: 23/23 MP: 3/3
   473 | D:1      | Found Viplykif's Assorted Antiques.
  1120 | D:2      | Reached XP level 4. HP: 22/29 MP: 4/4
  2389 | D:4      | Found a glowing silver altar of Zin.
  2506 | D:4      | Reached XP level 5. HP: 32/33 MP: 5/5
  2580 | D:4      | Found Abloho's Weapon Boutique.
  2596 | D:4      | Noticed an ogre
  2602 | D:4      | Killed an ogre
  2603 | D:4      | Reached XP level 6. HP: 39/39 MP: 6/6
  2677 | D:4      | Reached skill level 5 in Fighting
  2677 | D:4      | Reached skill level 5 in Armour
  2677 | D:4      | Reached skill level 5 in Shields
  2677 | D:4      | Reached XP level 7. HP: 44/44 MP: 7/7
  2677 | D:4      | Found the +6 shillelagh "Devastator" {shatter}
  2807 | D:5      | Entered Level 5 of the Dungeon
  2819 | D:5      | Found a runed translucent door.
  2978 | D:1      | Bought a shiny kite shield for 157 gold pieces
  3128 | D:5      | Noticed P0WERM0DE's ghost (novice CoCK)
  3431 | D:5      | Noticed Dowan
  3431 | D:5      | Noticed Pikel
  3432 | D:5      | Noticed Duvessa
  3440 | D:5      | Killed Dowan
  3441 | D:5      | Gained mutation: Your flesh is heat resistant. (rF+)
                  | [potion of mutation]
  3441 | D:5      | Gained mutation: You are robust. (+10% HP) [potion of
                  | mutation]
  3528 | D:4      | Killed Pikel
  3529 | D:4      | Reached skill level 5 in Maces & Flails
  3529 | D:4      | Reached XP level 8. HP: 11/57 MP: 8/8
  3708 | D:5      | Killed Duvessa
  3881 | D:6      | Reached XP level 9. HP: 56/62 MP: 9/9
  4877 | D:7      | Found Geadiare's Tremendous Tomes.
  4936 | D:7      | Found a staircase to the Ecumenical Temple.
  4959 | Temple   | Entered the Ecumenical Temple
  4974 | Temple   | Became a worshipper of Warmaster Okawaru
  5039 | D:7      | Found a runed translucent door.
  5040 | D:7      | Noticed Crazy Yiuf
  5063 | D:7      | Killed Crazy Yiuf
  5373 | D:7      | Found a sacrificial altar of Ru.
  5377 | D:7      | Found an opulent altar of Gozag.
  5380 | D:7      | Found a bloodstained altar of Trog.
  5461 | D:7      | Identified the +5 dagger of Xerennu {speed, rN+ Dex+5}
  5543 | D:7      | Reached skill level 1 in Invocations
  5793 | D:8      | Reached * piety under Okawaru
  5794 | D:8      | Reached XP level 10. HP: 32/70 MP: 11/11
  6515 | D:8      | Found a hide-covered altar of Uskayaw.
  7589 | D:10     | Entered Level 10 of the Dungeon
  7593 | D:10     | Reached ** piety under Okawaru
  7646 | D:10     | Killed an unseen horror
  7656 | D:10     | Noticed Snorg
  7657 | D:10     | Found a staircase to the Lair.
  7706 | D:10     | Killed Snorg
  7706 | D:10     | Reached *** piety under Okawaru
  7707 | D:10     | Reached XP level 11. HP: 26/78 MP: 14/14
  7954 | D:10     | Noticed a cyclops
  7960 | D:10     | Reached skill level 5 in Invocations
  7967 | D:10     | Killed a cyclops
  8073 | D:10     | Identified the ring of Obuytrir {+Blink rN+ SInv}
  8075 | D:10     | Noticed a great orb of eyes
  8089 | D:10     | Mangled by a great orb of eyes

Illustrated notes

Levels and vault maps discovered:
D:1:      orjb1_clovarrival, layout_loops_ring, serial_forest,
          infiniplex_forest_straight_4, infiniplex_forest_lined_room_2,
          infiniplex_forest_lined_corner, infiniplex_forest_clump_tiny,
          infiniplex_forest_corner_1, infiniplex_forest_lined_corner,
          infiniplex_forest_clump_cross, infiniplex_forest_end_2,
          infiniplex_forest_lined_1, serial_shops, nicolae_shop_waterfront,
          amcnicky_mini_pool_small, minmay_misc_feat_ornament
D:2:      layout_basic, hellmonk_ecumenical_altar_dog_temple,
          serial_co_window_serial, co_window_paths_a, co_window_paths_b,
          co_window_paths_b, co_window_corner_a, co_window_corner_a,
          co_window_of_opportunity_a, co_window_corner_cb, co_window_paths_c,
          co_window_of_opportunity_b, co_window_broadway_a, glass_columns_a,
          glass_columns_c, minmay_split_cup_small
D:3:      layout_rooms, kennysheep_doodads
D:4:      cheibrodos_fertilizer, layout_rooms, zin_scriptorium, serial_shops,
          nicolae_shop_bloodbath_and_beyond, hex_tiny,
          dilly_guarded_unrand_devastator
D:5:      layout_rooms, gammafunk_ghost_grave, fountainhead, uniq_duvessa,
          uniq_pikel
D:6:      layout_gridville, minmay_statues_item
D:7:      layout_basic, grunt_temple_overflow_diamond,
          minmay_temple_entry_waves, nicolae_shop_i_like_big_books,
          uniq_crazy_yiuf_cottage
D:8:      layout_basic, kennysheep_mini
D:9:      layout_gridville
D:10:     minmay_the_grid_3x2 [minmay_the_grid_medium_cups,
          minmay_the_grid_spin_star, minmay_the_grid_tiny_cups,
          minmay_the_grid_tree, minmay_the_grid_minigrid_small_alt,
          minmay_the_grid_prize_diamond_cup], layout_long_grid,
          erik_lair_orcish_takeover, serial_ice, serial_ice_a, serial_ice_c,
          serial_ice_i, serial_ice_g, serial_ice_d, nicolae_diode_intersection,
          uniq_snorg
Temple:   nicolae_temple_bog_church

Skill      XL: |  1  2  3  4  5  6  7  8  9 10 11 |
---------------+----------------------------------+-----
Fighting       | 4 5 6 7 8 9 |  9.6
Armour         | 4 5 6 8 9 |  9.6
Shields        | 4 5 6 8 9 |  9.6
Maces & Flails | 3 4 5 7 8 |  8.5
Invocations    | 2 4 5 |  5.4

Action                     |  1- 3 |  4- 6 |  7- 9 | 10-12 || total
---------------------------+-------+-------+-------+-------++-------
  Melee: Flail             |   146 |    80 |     1 |       ||   227
         Shillelagh        |       |       |   154 |   144 ||   298
         Unarmed           |       |       |       |     2 ||     2
  Evoke: Wand              |       |     6 |     3 |       ||     9
    Use: Scroll            |     3 |     6 |     2 |     3 ||    14
         Potion            |       |       |     1 |     1 ||     2
   Stab: Paralysed         |       |     1 |       |       ||     1
 Armour: Scale mail        |    98 |    52 |    65 |       ||   215
         Plate armour      |       |       |    73 |   136 ||   209
         Skin              |       |       |       |     2 ||     2
  Dodge: Dodged            |    50 |    35 |    74 |   105 ||   264
  Block: Buckler           |    15 |    27 |       |       ||    42
         Kite shield       |       |       |   114 |   147 ||   261

Table legend: (Time is in decaauts)
 A = Elapsed time spent in this place.
 B = Non-inter-level travel time spent in this place.
 C = Inter-level travel time spent in this place.
 D = Time resting spent in this place.
 E = Time spent auto-exploring this place.
 F = Levels seen in this place.
 G = Mean time per level.
                   A        B        C        D        E       F      G
               +--------+--------+--------+--------+--------+-----+--------+
         Total |   8195 |   7711 |    484 |    119 |   6078 |  11 |  745.0 |
       Dungeon |   8160 |   7676 |    484 |    119 |   6078 |  10 |  816.0 |
        Temple |     35 |     35 |      0 |      0 |      0 |   1 |   35.0 |
               +--------+--------+--------+--------+--------+-----+--------+

Top non-repeatable levels by time:
     D:1: 1235 daAuts
     D:6: 996 daAuts
     D:8: 993 daAuts
     D:7: 906 daAuts
     D:9: 855 daAuts
     D:4: 811 daAuts
     D:2: 762 daAuts
     D:3: 574 daAuts
     D:5: 556 daAuts
    D:10: 468 daAuts
  Temple: 35 daAuts
